 Dungeon Crawl Stone Soup version 0.24-a0-539-g6aae15eeb0 (webtiles) character file.

Game seed: 580891191348218195

1505 Peloso the Covered (level 8, -2/68 (69) HPs)
             Began as a Minotaur Fighter on Aug 17, 2019.
             Was a Believer of Okawaru.
             Slain by a red ugly thing (7 damage)
             ... on level 6 of the Dungeon.
             The game lasted 00:13:34 (6585 turns).

Peloso the Covered (Minotaur Fighter)               Turns: 6585, Time: 00:13:34

HP:   -2/68 (69)    AC: 10    Str: 27    XL:     8   Next: 52%
MP:   7/7           EV:  8    Int:  5    God:    Okawaru [**....]
Gold: 302           SH: 11    Dex: 11    Spells: 7/7 levels left

rFire    . . .     SeeInvis .   a - +1 long sword
rCold    . . .     Gourm    .   c - +0 shield
rNeg     . . .     Faith    .   b - +0 chain mail
rPois    .         Spirit   .   (helmet restricted)
rElec    .         Reflect  .   k - scarf {repulsion}
rCorr    .         Harm     .   (no gloves)
MR       .....                  (no boots)
Stlth    ..........             t - amulet of regeneration
HPRegen  0.61/turn              (no ring)
MPRegen  0.10/turn              (no ring)

@: mighty, repel missiles
A: retaliatory headbutt, horns 2
a: Heroism, Renounce Religion


You were on level 6 of the Dungeon.
You worshipped Okawaru.
Okawaru was pleased with you.
You were hungry.

You visited 2 branches of the dungeon, and saw 8 of its levels.

You collected 302 gold pieces.

Inventory:

Hand Weapons
 a - a +1 long sword (weapon)
Armour
 b - a +0 chain mail (worn)
 c - a +0 shield (worn)
 k - a scarf of repulsion (worn)
Jewellery
 t - an amulet of regeneration (around neck)
Wands
 l - a wand of flame (15)
 s - a wand of clouds (2)
Scrolls
 e - a scroll of blinking {unknown}
 g - 6 scrolls of remove curse
 h - 2 scrolls of enchant weapon
 j - a scroll of fear {unknown}
 n - 2 scrolls of teleportation
 q - a scroll of random uselessness {unknown}
 v - 2 scrolls of identify
 x - a scroll of holy word {unknown}
Potions
 d - 2 potions of might
 i - a potion of flight
 m - a potion of heal wounds
 o - a potion of resistance
 p - a potion of cancellation {unknown}
 r - 2 potions of curing
 u - 2 potions of agility {unknown}
 w - a potion of haste {unknown}
Comestibles
 f - 10 rations


   Skills:
 + Level 5.4 Fighting
 + Level 7.5 Long Blades
 + Level 7.5 Armour
 + Level 2.8 Dodging
 + Level 0.1 Stealth
 + Level 7.3 Shields


You had 7 spell levels left.
You didn't know any spells.
Your spell library contained the following spells:

 Spells                   Type           Power        Failure   Level  Hunger
 Corona                   Hex            #......      100%        1    ##.....
 Infusion                 Chrm           #...         100%        1    ##.....
 Summon Small Mammal      Summ           #...         100%        1    ##.....
 Call Imp                 Summ           #.......     100%        2    ###....
 Ensorcelled Hibernation  Hex/Ice        #.....       100%        2    ###....
 Shroud of Golubria       Chrm/Tloc      #.....       100%        2    ###....
 Song of Slaying          Chrm           #.......     100%        2    ###....
 Call Canine Familiar     Summ           #.......     100%        3    ####...
 Confuse                  Hex            #.......     100%        3    ####...
 Dazzling Spray           Conj/Hex       #.....       100%        3    ####...
 Regeneration             Chrm/Necr      #.........   100%        3    ####...
 Spectral Weapon          Hex/Chrm       #.......     100%        3    ####...
 Summon Guardian Golem    Hex/Summ       #.......     100%        3    ####...
 Tukima's Dance           Hex            #.......     100%        3    ####...
 Summon Ice Beast         Ice/Summ       #.......     100%        4    #####..
 Summon Lightning Spire   Summ/Air       #.......     100%        4    #####..


Dungeon Overview and Level Annotations

Branches:
Dungeon (7/15)             Temple (1/1) D:4

Altars:
Ashenzari
Dithmenos
Elyvilon
Hepliaklqana
Makhleb
Nemelex Xobeh
Okawaru
Qazlal
Ru
Sif Muna
Trog
Uskayaw
Vehumet
Wu Jian
Xom
Zin
The Shining One
Jiyva

Shops:
D:3 *

Annotations:
D:7 Prince Ribbit


Innate Abilities, Weirdness & Mutations

You reflexively headbutt those who attack you in melee.
You have a pair of horns on your head.


Message History

Found 7 gold pieces, 31 bolts and 2 sedimented grey potions.
There is a stone staircase leading up here.
Unknown command.
The red ugly thing kicks you but does no damage.
The crimson imp lashes its tail.
You climb upwards.
There is a stone staircase leading down here.
You feel very mighty all of a sudden. The red ugly thing kicks you.
You are engulfed in flames!!
You slice the red ugly thing!! You headbutt the red ugly thing!
The red ugly thing is heavily wounded.
The red ugly thing kicks you.
You are engulfed in flames!!
You barely miss the red ugly thing. You headbutt the red ugly thing.
The red ugly thing is heavily wounded.
The red ugly thing kicks you.
You are engulfed in flames!
* * * LOW HITPOINT WARNING * * *
You hit the red ugly thing.
The red ugly thing is severely wounded.
The red ugly thing kicks you!
You die...

.....#...## ##........#
.....#...####......#### ###
...................#### #.#
.............##.......####.##
...................#...#....#
............................#
.....................#...####
.......###.##........#.###
......####......@###..#####
...........##...u###.####.##
..........<##.....#...#.#..##
...........#................#
........................#..##
..............#...##....#.###
........##........##.###....##
#.......#.........#..........#
#.#......#.........<#........###


You could see a red ugly thing.

Vanquished Creatures
  An orc warrior (D:6)
  An ice beast (D:5)
  A black bear (D:6)
  A necrophage (D:6)
  A centaur (D:6)
  3 bullfrogs (D:6)
  A crimson imp (D:5)
  A bullfrog zombie (D:4)
  A jelly (D:6)
  A hound (D:5)
  2 orc priests
  A bullfrog skeleton (D:5)
  An iguana (D:5)
  Natasha (D:2)
  7 orc wizards
  2 worker ants
  2 hound zombies (D:5)
  A howler monkey skeleton (D:5)
  Robin (D:2)
  7 adders
  7 gnolls
  A shadow imp (D:5)
  An ooze (D:4)
  5 adder skeletons
  6 worms
  3 dart slugs
  4 leopard geckos
  14 orcs
  A ball python (D:1)
  2 giant cockroaches
  18 goblins
  12 hobgoblins
  10 jackals
  5 quokkas
  6 bats
  4 frilled lizards (D:2)
  6 kobolds
  2 leopard gecko skeletons
  3 quokka zombies
  5 rats
152 creatures vanquished.

Notes
Turn   | Place    | Note
-------+----------+-------------------------------------------
     0 | D:1      | Peloso the Minotaur Fighter began the quest for the Orb.
     0 | D:1      | Reached XP level 1. HP: 19/19 MP: 0/0
   117 | D:1      | Reached XP level 2. HP: 26/27 MP: 1/1
   441 | D:2      | Reached XP level 3. HP: 27/33 MP: 2/2
   461 | D:2      | HP: 1/33 [goblin/+1 dagger of electrocution (17)]
   766 | D:2      | Noticed Robin
  1066 | D:2      | Killed Robin
  1270 | D:2      | Reached skill level 1 in Dodging
  1270 | D:2      | Reached XP level 4. HP: 40/40 MP: 3/3
  1316 | D:2      | Noticed Natasha
  1324 | D:2      | Killed Natasha
  1353 | D:2      | Found a shattered altar of Ashenzari.
  2552 | D:3      | Reached XP level 5. HP: 28/47 MP: 4/4
  2782 | D:3      | Found Zin's Purification Station.
  2787 | D:3      | Found a glowing silver altar of Zin.
  3054 | D:3      | Found a white marble altar of Elyvilon.
  3186 | D:3      | Reached skill level 5 in Armour
  3602 | D:3      | Reached XP level 6. HP: 45/53 MP: 5/5
  3901 | D:4      | Reached skill level 5 in Long Blades
  3931 | D:4      | Found a shimmering blue altar of Sif Muna.
  3931 | D:4      | Found a burning altar of Makhleb.
  4072 | D:4      | Reached skill level 5 in Shields
  4524 | D:4      | Found a bloodstained altar of Trog.
  4562 | D:4      | Found a staircase to the Ecumenical Temple.
  4810 | Temple   | Entered the Ecumenical Temple
  4856 | Temple   | Became a worshipper of Warmaster Okawaru
  4896 | D:5      | Entered Level 5 of the Dungeon
  4929 | D:5      | Reached XP level 7. HP: 56/60 MP: 6/6
  5242 | D:5      | Reached * piety under Okawaru
  5875 | D:6      | Reached skill level 5 in Fighting
  5881 | D:6      | Reached XP level 8. HP: 39/68 MP: 7/7
  6139 | D:6      | Reached ** piety under Okawaru
  6579 | D:7      | Noticed Prince Ribbit
  6579 | D:7      | Noticed a red ugly thing
  6585 | D:6      | Slain by a red ugly thing

Levels and vault maps discovered:
D:1:      wander_arrival_lonely_grave, layout_basic
D:2:      layout_loops_corners, nicolae_overflow_hidden_temple,
          small_statue_intersection, uniq_natasha, uniq_robin
D:3:      layout_basic, zin_purify, elyvilon_altar_3, first_ration
D:4:      layout_loops_corners, lemuel_coloured_pillars_altar,
          gammafunk_temple_overflow_wave, minmay_temple_entry_enclosed_plants
D:5:      layout_basic, st_stairs_11
D:6:      layout_cave_pools, kennysheep_generic_room_3
D:7:      layout_rooms, uniq_prince_ribbit1
Temple:   pf_slimified_temple

Skill      XL: |  1  2  3  4  5  6  7  8 |
---------------+-------------------------+-----
Fighting       | 4 5 |  5.4
Long Blades    | 3 4 5 6 7 |  7.5
Armour         | 4 5 6 7 |  7.5
Shields        | 4 5 6 7 |  7.3
Dodging        | 1 2 |  2.8
Stealth        | |  0.1

Action                   |  1- 3 |  4- 6 |  7- 9 || total
-------------------------+-------+-------+-------++-------
Melee: Long sword        |    93 |   192 |   161 ||   446
       Headbutt          |    17 |    41 |    47 ||   105
  Use: Scroll            |       |     7 |     1 ||     8
       Potion            |       |     1 |     1 ||     2
  Eat: Chunk             |     1 |    12 |     5 ||    18
Armor: Scale mail        |    50 |    18 |       ||    68
       Chain mail        |       |    81 |    62 ||   143
Dodge: Dodged            |    43 |    67 |    48 ||   158
       Deflected         |       |       |     4 ||     4
Block: Shield            |    80 |   119 |   110 ||   309
       Rpst.: Long sword |     9 |    11 |    15 ||    35

Table legend:
 A = Non-vault XP
 B = Vault XP
 C = Vault XP percentage of total XP
 D = Non-vault monster count
 E = Vault monster count
 F = Vault count percentage of total count
                 A         B        C        D         E       F
            +---------+---------+-------+---------+---------+-------
      Total |    2037 |     113 |   5.3 |     136 |      16 |  10.5
            +---------+---------+-------+---------+---------+-------
        D:1 |      32 |       2 |   5.9 |      18 |       1 |   5.3
        D:2 |      84 |      70 |  45.5 |      34 |      12 |  26.1
        D:3 |     223 |       0 |   0.0 |      29 |       0 |   0.0
        D:4 |     257 |       0 |   0.0 |      14 |       0 |   0.0
        D:5 |     443 |      41 |   8.5 |      20 |       3 |  13.0
        D:6 |     998 |       0 |   0.0 |      21 |       0 |   0.0
            +---------+---------+-------+---------+---------+-------
